 Dungeon Crawl Stone Soup version 0.19-a0-1920-g83281cb (webtiles) character file.

9151 sveltemanboy the Basher (level 11, -10/75 HPs)
             Began as a Demonspawn Abyssal Knight on Oct 23, 2016.
             Was a High Priest of Lugonu.
             Mangled by a freezing wraith (20 damage)
             ... led by a death knight
             ... on level 11 of the Dungeon.
             The game lasted 00:28:45 (11659 turns).

sveltemanboy the Basher (DsAK)                     Turns: 11659, Time: 00:28:45

Health: -10/75     AC: 13    Str: 20    XL:     11   Next: 19%
Magic:  18/18      EV: 13    Int: 14    God:    Lugonu [*****.]
Gold:   551        SH:  0    Dex: 12    Spells: 0 memorised, 10 levels left

rFire  . . .     SeeInvis +     F - +9 war axe "Akhla Yteha" {chop, +Fly rPois rN+ SInv}
rCold  . . .     Gourm    .     D - +3 ring mail {rPois}
rNeg   + . .     Faith    .     (no shield)
rPois  +         Spirit   .     (helmet unavailable)
rElec  .         Reflect  .     e - +0 cloak
rCorr  .         Harm     .     q - +0 pair of gloves {archery}
MR     +....                    d - +1 pair of boots
Stlth  +.........               (no amulet)
                                C - ring of protection from magic
                                A - +4 ring of strength

@: no status effects
A: antennae 3, demonic guardian 2, powered by pain 3
a: Depart the Abyss, Bend Space, Banish, Corrupt, Enter the Abyss, Renounce
Religion, Evoke Flight


You were on level 11 of the Dungeon.
You worshipped Lugonu.
Lugonu was extremely pleased with you.
You were not hungry.

You visited 1 branch of the dungeon, and saw 11 of its levels.
You visited the Abyss 1 time.

You collected 551 gold pieces.

Inventory:

Hand Weapons
 F - the +9 war axe "Akhla Yteha" (weapon) {chop, +Fly rPois rN+ SInv}
   (You found it on level 8 of the Dungeon)

   It inflicts extra damage upon your enemies.
   It protects you from poison.
   It protects you from negative energy.
   It lets you see invisible.
   It lets you fly.
Armour
 d - a +1 pair of boots (worn)
 e - a +0 cloak (worn)
 q - a +0 pair of gloves of archery (worn)
 D - a +3 ring mail of poison resistance (worn)
Jewellery
 u - an uncursed ring of positive energy
 z - an uncursed ring of ice
 A - a +4 ring of strength (left hand)
 C - a ring of protection from magic (right hand)
Wands
 r - a wand of paralysis (11/24)
 t - a wand of iceblast (8/15)
 B - a wand of acid (0/15)
 E - a wand of disintegration (10/24)
 I - a wand of acid (6/15)
Scrolls
 f - 5 scrolls of identify
 i - 2 scrolls of teleportation
 j - 3 scrolls of enchant weapon
 l - 2 scrolls of fog
 n - 2 scrolls of amnesia
 o - 5 scrolls of enchant armour
 y - 4 scrolls of remove curse
Potions
 b - a potion of flight
 k - a potion of agility
 m - a potion of ambrosia
 p - 3 potions of heal wounds
 s - a potion of cure mutation
 v - 2 potions of invisibility
 w - a potion of resistance
 x - 3 potions of curing
 G - a potion of mutation {unknown}
Comestibles
 a - 3 meat rations
 c - 9 bread rations
 g - 5 beef jerkies
 h - 9 slices of pizza


   Skills:
 - Level 3.0 Fighting
 * Level 6.9(9.7) Axes
   Level 10.5(11.3) Maces & Flails
 - Level 4.0 Armour
 + Level 5.1 Dodging
 - Level 10.0 Invocations
 + Level 3.9 Evocations


You had 10 spell levels left.
You didn't know any spells.

Dungeon Overview and Level Annotations

Branches:
Dungeon (11/15)            Temple (0/1) D:6            Lair (0/6) D:8
    Orc: D:9-12

Altars:
Ashenzari
Cheibriados
Nemelex Xobeh
Okawaru
Qazlal
Sif Muna
Trog
Xom
The Shining One

Annotations:
D:6 1 runed door


Innate Abilities, Weirdness & Mutations

You have a pair of large antennae on your head. (SInv)
A demonic guardian rushes to your aid.
You are powered by pain.


Message History

Your orange demon stings the freezing wraith from afar!
Your orange demon disappears in a puff of smoke!
Evoke which item? (* to show all) (? for menu, Esc to quit)
Zapping:
B - a wand of acid {zapped: 7} (will waste charges)
Press: ? - help, Shift-Dir - straight line, f/p - freezing wraith
Aim: a freezing wraith (heavily damaged) Nothing appears to happen.
Evoke which item? (* to show all) (? for menu, Esc to quit)
Zapping:
I - a wand of acid (will waste charges)
Press: ? - help, Shift-Dir - straight line, f/p - freezing wraith
Aim: a freezing wraith (heavily damaged)
The bolt of acid hits the freezing wraith.
The freezing wraith is splashed with acid.
The freezing wraith is almost destroyed.
Evoking this partially-identified wand wasted a few charges.
Your skill with magical items lets you calculate the power of this device...
This wand has 6 charges left.
The freezing wraith hits you!
* * * LOW HITPOINT WARNING * * *
The freezing wraith freezes you!!
You die...

######..######.#
................######
......................
######.#######..#####
#.# #..# #.# #..# #.#
#..#
########.#######..######
#.......@............$..
#.......W.......).......
#............)...#######
#................#
#................#
#...........>......
#....................
##########...........
#...########


You could see a freezing wraith.

Vanquished Creatures
  An ugly thing (D:11)
  Joseph (D:10)
  A freezing wraith (D:10)
  A two-headed ogre (D:8)
  Prince Ribbit (D:8)
  2 yaks (D:7)
  A hog (D:7)
  A wraith (D:9)
  A human (D:7)
  2 hungry ghosts
  Grum (D:9)
  A soldier ant (D:10)
  A water moccasin (D:9)
  2 hell hounds (D:8)
  4 sky beasts
  5 orc warriors
  2 phantoms (D:8)
  A necrophage (D:8)
  An ice beast (D:11)
  4 ogres
  An eye of draining (D:11)
  The ghost of Philosophy the Shooter, an amateur CeHu (D:4)
  3 wolves (D:9)
  5 centaurs
  A big kobold (D:7)
  3 scorpions
  5 killer bees
  A howler monkey (D:3)
  9 crimson imps
  A quasit (D:5)
  A centaur zombie (D:11)
  A jelly (D:8)
  5 orc priests
  A gnoll shaman (D:6)
  4 hounds
  8 orc wizards
  2 bullfrog skeletons
  A centaur skeleton (D:9)
  Jessica (D:4)
  Terence (D:2)
  4 iguanas
  8 worker ants
  A killer bee zombie (D:6)
  11 gnolls
  8 adders
  2 shadow imps
  An ooze (D:5)
  An adder skeleton (D:9)
  4 worms
  4 dart slugs
  7 leopard geckos
  30 orcs
  4 giant cockroaches
  7 goblins
  7 hobgoblins
  11 jackals
  4 quokkas
  2 ball pythons
  7 bats
  3 frilled lizards
  11 kobolds
  A leopard gecko skeleton (D:6)
  11 rats
238 creatures vanquished.

Vanquished Creatures (collateral kills)
  Erolcha (D:9)
  A skeletal warrior (D:11)
  A hill giant (D:11)
  A centaur zombie (D:10)
  A gargoyle (D:10)
  A komodo dragon (D:11)
  A troll (D:10)
  A hog (D:7)
  A phantom (D:10)
  A hound (D:6)
  An orc priest (D:6)
  A gnoll (D:6)
12 creatures vanquished.

Grand Total: 250 creatures vanquished

Notes
Turn   | Place    | Note
-------+----------+-------------------------------------------
     0 | Abyss:1  | sveltemanboy the Demonspawn Abyssal Knight began the quest for the Orb.
     0 | Abyss:1  | Reached XP level 1. HP: 18/18 MP: 2/2
    18 | D:1      | Escaped the Abyss
   279 | D:1      | Reached skill level 1 in Dodging
   307 | D:1      | Reached skill level 1 in Maces & Flails
   311 | D:1      | Gained mutation: You have a pair of small antennae on your head. [demonic ancestry]
   311 | D:1      | Reached XP level 2. HP: 22/24 MP: 3/3
   790 | D:1      | Gained mutation: You have a pair of antennae on your head. [demonic ancestry]
   790 | D:1      | Reached XP level 3. HP: 27/29 MP: 5/5
   837 | D:1      | Reached ** piety under Lugonu
  1180 | D:2      | Noticed a moth of wrath
  1183 | D:2      | Found a bloodstained altar of Trog.
  1270 | D:2      | Noticed Terence
  1300 | D:2      | Killed Terence
  1300 | D:2      | Gained mutation: You sometimes gain a little power by taking damage. [demonic ancestry]
  1300 | D:2      | Reached XP level 4. HP: 24/35 MP: 6/6
  1549 | D:2      | Found an iron altar of Okawaru.
  2446 | D:3      | Reached XP level 5. HP: 37/41 MP: 8/8
  2930 | D:4      | Reached *** piety under Lugonu
  3184 | D:4      | Noticed an ogre
  3192 | D:4      | Killed an ogre
  3192 | D:4      | Reached skill level 5 in Invocations
  3192 | D:4      | Reached XP level 6. HP: 29/47 MP: 9/9
  3444 | D:4      | Noticed Jessica
  3460 | D:4      | Killed Jessica
  3467 | D:4      | Found a deep blue altar of Sif Muna.
  3583 | D:4      | Noticed Philosophy's ghost (amateur CeHu)
  3594 | D:4      | Killed Philosophy's ghost
  3594 | D:4      | Reached skill level 5 in Maces & Flails
  4168 | D:5      | Entered Level 5 of the Dungeon
  4250 | D:5      | Gained mutation: You have a pair of large antennae on your head. (SInv) [demonic ancestry]
  4250 | D:5      | Reached XP level 7. HP: 37/52 MP: 11/11
  4349 | D:5      | Found a shimmering altar of Xom.
  4914 | D:5      | Gained mutation: A weak demonic guardian rushes to your aid. [demonic ancestry]
  4914 | D:5      | Reached XP level 8. HP: 53/58 MP: 13/13
  5086 | D:6      | Found a glowing golden altar of the Shining One.
  5086 | D:6      | Found a runed door.
  5086 | D:6      | Noticed an angel
  5494 | D:6      | Reached **** piety under Lugonu
  5710 | D:6      | Found a staircase to the Ecumenical Temple.
  6348 | D:6      | Found a snail-covered altar of Cheibriados.
  6846 | D:6      | Gained mutation: You sometimes gain power by taking damage. [demonic ancestry]
  6846 | D:6      | Reached XP level 9. HP: 63/63 MP: 15/15
  6918 | D:7      | Gained mutation: You are covered in fur. (AC +1) [mutagenic meat]
  6919 | D:7      | Gained mutation: Your spells are a little harder to cast, but a little more powerful. [mutagenic meat]
  6920 | D:7      | Gained mutation: You tend to lose your temper in combat. [mutagenic meat]
  6921 | D:7      | Gained mutation: You are clumsy. (Dex -2) [mutagenic meat]
  7225 | D:7      | Lost mutation: You tend to lose your temper in combat. [potion of cure mutation]
  7225 | D:7      | Lost mutation: You are covered in fur. (AC +1) [potion of cure mutation]
  7225 | D:7      | Lost mutation: You are clumsy. (Dex -2) [potion of cure mutation]
  7225 | D:7      | Lost mutation: Your spells are a little harder to cast, but a little more powerful. [potion of cure mutation]
  7740 | D:7      | Reached skill level 10 in Maces & Flails
  7879 | D:8      | Reached skill level 10 in Invocations
  7909 | D:8      | Noticed Prince Ribbit
  8184 | D:8      | Found a staircase to the Lair.
  8186 | D:8      | Found a stormy altar of Qazlal.
  8263 | D:8      | Found a shattered altar of Ashenzari.
  8401 | D:8      | Found a glowing golden altar of the Shining One.
  8475 | D:8      | Killed Prince Ribbit
  8506 | D:8      | Got a bloodstained war axe
  8507 | D:8      | Identified the +9 war axe "Akhla Yteha" {chop, +Fly rPois rN+ SInv} (You found it on level 8 of the Dungeon)
  8545 | D:8      | Gained mutation: A demonic guardian rushes to your aid. [demonic ancestry]
  8545 | D:8      | Reached XP level 10. HP: 33/70 MP: 17/17
  8835 | D:9      | Noticed Erolcha
  8848 | D:9      | Paralysed by Erolcha for 4 turns
  8850 | D:9      | Killed Erolcha
  9101 | D:9      | Found a sparkling altar of Nemelex Xobeh.
  9415 | D:9      | Noticed Grum
  9439 | D:9      | Killed Grum
  9809 | D:9      | Reached skill level 1 in Evocations
 10032 | D:10     | Entered Level 10 of the Dungeon
 10070 | D:10     | Got a fine glaive
 10071 | D:10     | Identified the +4 glaive of the Neverending Runes {venom, Int-5 Dex+10} (You found it on level 10 of the Dungeon)
 10109 | D:10     | Noticed a gargoyle
 10115 | D:10     | Killed a gargoyle
 10116 | D:10     | Noticed Joseph
 10125 | D:10     | Killed Joseph
 10125 | D:10     | Reached skill level 5 in Axes
 10604 | D:10     | Reached ***** piety under Lugonu
 11223 | D:11     | Noticed a hill giant
 11231 | D:11     | Killed a hill giant
 11231 | D:11     | Gained mutation: You are powered by pain. [demonic ancestry]
 11231 | D:11     | Reached XP level 11. HP: 75/75 MP: 18/18
 11399 | D:11     | Noticed a red ugly thing
 11424 | D:11     | Killed a red ugly thing
 11424 | D:11     | Reached skill level 5 in Dodging
 11429 | D:11     | Gained mutation: Armour fits poorly on your strangely shaped body. [mutagenic meat]
 11430 | D:11     | Gained mutation: You are resistant to hostile enchantments. (MR+) [mutagenic meat]
 11430 | D:11     | Lost mutation: Armour fits poorly on your strangely shaped body. [potion of cure mutation]
 11430 | D:11     | Lost mutation: You are resistant to hostile enchantments. (MR+) [potion of cure mutation]
 11632 | D:11     | Noticed a skeletal warrior
 11647 | D:11     | Killed a skeletal warrior
 11659 | D:11     | Mangled by a freezing wraith

Vault maps used:
D:1:      saegor_arrival_simple_a
D:2:      okawaru_altar_gauntlet_db, minmay_misc_feat_hallway, tgw_trog,
          uniq_terence
D:4:      tgw_sif, kennysheep_generic_room_12
D:5:      basic_altar, first_bread
D:6:      nicolae_whirlpool, slow_altar_2, lemuel_angel_altar
D:7:      minmay_misc_feat_columns, grunt_livestock
D:8:      grunt_temple_overflow_open, minmay_lair_entry_lava, basic_altar,
          uniq_prince_ribbit1
D:9:      nemelex_xobeh_ov_fountains_minmay, uniq_erolcha, uniq_grum
D:10:     uniq_joseph

Skill      XL: |  1  2  3  4  5  6  7  8  9 10 11 |
---------------+----------------------------------+-----
Armour         | 2 3 4 |  4.0
Dodging        | 1 2 4 5 |  5.1
Maces & Flails | 1 2 3 4 5 6 8 10 | 10.5
Invocations    | 3 4 5 7 8 10 | 10.0
Axes           | 2 6 |  6.9
Evocations     | 3 |  3.9
Fighting       | |  3.0

Action                   |  1- 3 |  4- 6 |  7- 9 | 10-12 || total
-------------------------+-------+-------+-------+-------++-------
Melee: Whip              |   162 |     5 |       |       ||   167
       Mace              |       |   175 |   446 |       ||   621
       War axe           |       |       |     7 |   196 ||   203
Invok: Banish            |       |       |       |     4 ||     4
Evoke: Wand              |       |       |     3 |     3 ||     6
  Use: Potion            |     2 |       |     9 |     2 ||    13
       Scroll            |     1 |     5 |    12 |     1 ||    19
 Stab: Distracted        |       |       |     3 |       ||     3
  Eat: Chunk             |     1 |    10 |    18 |    17 ||    46
Armor: Leather armour    |    15 |       |       |       ||    15
       Ring mail         |    25 |     1 |       |    43 ||    69
       Skin              |    17 |       |       |       ||    17
       Scale mail        |       |   118 |   234 |    24 ||   376
Dodge: Dodged            |    73 |   119 |   212 |    99 ||   503
